Unix NetHack Version 5.0.0-0 post-release - last build May 17 2026 04:57:42 (dc50c8380fa5e20985bfe3072449f57b8d9895ef,branch:main).

Game began 2026-05-19 15:16:51, ended 2026-05-19 19:55:52.

Conradmonkey, neutral male gnomish Wizard

                      ---------
                      |.>.....|                     ---.---
                      |.......-#                    |.....|       ----------
                      |.......|#                    |.....|    ###..^......|
                      --.-.----[                    |......#####  |.......<|
                        #######M                    -.-----       --.-------
                         #     @:####                ##             ####
                         #     q    `################ #                #
     --------            #     #   -----            ########`      ### #
     |......-######################|(...##                ##      ---|-|-
     |......|            #      # #|...| #      -----------|--    |.....|
     |......|            #      # #|...| ####   |............|    |.....|
     ----...|            #      # #|...|    ##  |............-####......|
        |...-###  -------|-     ###|>..|     ###.............|    -------
        |...|  ###........|       #....|        |........[...|
        -----     |.......|       #-----        --------------
                  |.......|       #####
                  ---------

Conradmonkey the Conjurer  St:5 Dx:18 Co:16 In:19 Wi:6 Ch:12  Neutral
Dlvl:4  $:896 HP:0(25) Pw:31(36) AC:3  Xp:4 T:7443  Fainted  Deaf

Latest messages:
 You try to move the boulder, but in vain.
 You try to move the boulder, but in vain.
 You can hear again.
 You faint from lack of food.
 You regain consciousness.
 You faint from lack of food.
 The rothe hits!
 The rothe bites!
 The rothe bites again!
 The kobold mummy hits!
 The rothe hits!
 The rothe bites!
 The rothe misses!
 The kobold mummy hits!
 The rothe hits!
 The rothe bites!
 The rothe bites again!
 The kobold mummy hits!
 You regain consciousness.
 What do you want to drink? [fghzC or ?*] C
 You feel better.
 You can hear again.
 The rothe hits!
 The rothe misses!
 The rothe bites!
 What do you want to drink? [fghzC or ?*] C
 You feel better.
 The rothe hits!
 The rothe misses!
 The rothe bites!
 The kobold mummy misses!
 You are too hungry to cast that spell.
 You faint from lack of food.
 The rothe hits!
 The rothe bites!
 The rothe misses!
 The rothe hits!
 The rothe bites!
 The rothe misses!
 The kobold mummy hits!
 The iguana bites!
 The iguana misses!
 The kobold mummy just misses!
 The iguana bites!
 The kobold mummy hits!
 The iguana bites!
 The rothe hits!
 You die...
 Do you want your possessions identified? [ynq] (y) y
 Do you want to see your attributes? [ynq] (y) q

Inventory:
 Coins    ('$')
  $ - 896 gold pieces
 Weapons  (')')
  a - a blessed +0 quarterstaff (weapon in hands)
 Armor    ('[')
  t - a cursed +0 dwarvish iron helm (being worn)
  x - a blessed +0 orcish helm
  u - an uncursed +0 pair of iron shoes (being worn)
  b - a blessed burnt +3 cloak of magic resistance (being worn)
 Scrolls  ('?')
  k - an uncursed scroll of confuse monster
  B - an uncursed scroll of magic mapping
 Spellbooks  ('+')
  r - an uncursed spellbook of blank paper
  H - an uncursed spellbook of create monster
  l - a blessed spellbook of force bolt
  m - an uncursed spellbook of knock
 Potions  ('!')
  z - a blessed potion of fruit juice
  h - an uncursed potion of levitation
  f - an uncursed potion of sickness
  g - an uncursed potion of water
 Rings    ('=')
  e - an uncursed +2 ring of adornment (on right hand)
  d - an uncursed ring of teleport control (on left hand)
 Wands    ('/')
  s - a wand of digging (1:1)
  c - a wand of slow monster (0:5)
 Tools    ('(')
  E - an uncursed lock pick
  n - a magic marker (0:5)

Conradmonkey the Wizard's attributes:

Background:
 You were a Conjurer, a level 4 male gnomish Wizard.
 You were neutral, on a mission for Thoth
 who was opposed by Ptah (lawful) and Anhur (chaotic).
 You were right-handed.
 You were in the Dungeons of Doom, on level 4.
 You entered the dungeon 7443 turns ago.
 There was a new moon in effect when your adventure ended.
 You had 159 experience points, 1 more was needed to attain level 5.

Basics:
 You had 0 out of 25 hit points.
 You had 31 out of 36 energy points (spell power).
 Your armor class was 3.
 Your wallet contained 896 zorkmids.
 Autopickup was off.

Final Characteristics:
 Your strength was 5 (base:6, peak:10, limit:18/50).
 Your dexterity was 18 (limit:18).
 Your constitution was 16 (limit:18).
 Your intelligence was 19 (limit:19).
 Your wisdom was 6 (peak:7, limit:18).
 Your charisma was 12 (base:10, limit:18).

Final Status:
 You were deaf.
 You were fainted due to starvation.
 You were unencumbered.
 You were wielding a quarterstaff.
 You were skilled in quarterstaff.

Final Attributes:
 You were piously aligned.
 You were magic-protected.
 You had infravision.
 You were more charismatic.
 You had teleport control.
 You were warded.
 Thoth was angry with you.
 You are dead.

Miscellaneous:
 You didn't encounter any bones levels.
 Total elapsed playing time was 1 hour, 12 minutes and 31 seconds.

Major events:
 Turn
    1: Conradmonkey the neutral male gnomish Wizard entered the dungeon
  985: attained the rank of Conjurer (level 3)
 7443: killed by a rothe, while fainted from lack of food

Spells:
 Name                 Level Category     Fail Retention
 force bolt             1   attack         0%  96%-100%
 knock                  1   matter         0%  76%-100%
 create monster         2   clerical      59%  76%-100%

Skills:
 Fighting Skills
   bare handed combat [Unskilled]
   riding             [Unskilled]
 Weapon Skills
   dagger             [Unskilled]
   knife              [Unskilled]
   axe                [Unskilled]
   short sword        [Unskilled]
   club               [Unskilled]
   mace               [Unskilled]
   quarterstaff       [Skilled]
   polearms           [Unskilled]
   spear              [Unskilled]
   trident            [Unskilled]
   sling              [Unskilled]
   dart               [Unskilled]
   shuriken           [Unskilled]
 Spellcasting Skills
   attack spells      [Skilled]
   healing spells     [Unskilled]
   divination spells  [Unskilled]
   enchantment spells [Basic]
   clerical spells    [Unskilled]
   escape spells      [Unskilled]
   matter spells      [Unskilled]

Voluntary challenges:
 Character rerolling was not enabled.
 You never genocided any monsters.
 You never polymorphed an object.
 You never changed form.
 You used no wishes.
Achievement:
 You attained the rank of Conjurer.

 The Dungeons of Doom: levels 1 to 5
    Level 1:
       An altar.
    Level 2:
       A fountain.
    Level 3:
    Level 4: <- You were here.
       Final resting place for
          you, killed by a rothe, while fainted from lack of food.
    Level 5:
       A fountain, a grave.


Vanquished creatures:
  a rock piercer
  a fog cloud
  a gray ooze
  a giant ant
  3 floating eyes
  a dwarf
  a homunculus
  4 rothes
  a rabid rat
 an orc zombie
  a wererat
  7 iguanas
  2 acid blobs
  2 coyotes
  a gas spore
  2 hobbits
  4 manes
  2 large kobolds
  5 giant rats
  2 cave spiders
  2 brown molds
  a yellow mold
  2 green molds
  3 gnome zombies
  9 geckos
 13 jackals
  a kobold
  6 goblins
  7 grid bugs
  2 bats
 10 lichens
  3 kobold zombies
 12 newts
114 creatures vanquished.

No species were genocided or became extinct.

Game over:
                       ----------
                      /          \
                     /    REST    \
                    /      IN      \
                   /     PEACE      \
                  /                  \
                  |   Conradmonkey   |
                  |      896 Au      |
                  |   killed by a    |
                  |      rothe       |
                  |                  |
                  |                  |
                  |       2026       |
                 *|     *  *  *      | *
        _________)/\\_//(\/(/\)/\//\/|_)_______

Goodbye Conradmonkey the Wizard...

You died in The Dungeons of Doom on dungeon level 4 with 2469 points,
and 896 pieces of gold, after 7443 moves.
You were level 4 with a maximum of 25 hit points when you died.

